 Dungeon Sprint DCSS version 0.18.1-48-g4cf74bf (webtiles) character file.

549 kosy22 the Summoner (level 7, -33/57 HPs)
             Began as a Hill Orc Summoner on Aug 19, 2016.
             Was a High Priest of Beogh.
             Blown up by a great orb of eyes (42 damage)
             ... with a disintegration bolt
             ... in the Dungeon (Sprint V: "Ziggurat Sprint").
             The game lasted 00:12:26 (787 turns).

kosy22 the Summoner (Hill Orc Summoner)              Turns: 787, Time: 00:12:26

Health: -33/57     AC:  3    Str: 11    XL:     7   Next: 28%
Magic:  14/14      EV: 13    Int: 17    God:    Beogh [*****.]
Gold:   0          SH:  0    Dex: 11    Spells: 5 memorised, 1 level left

rFire  . . .     SeeInvis .     G - staff of summoning
rCold  + . .     Gourm    .     I - +1 robe of Shielding {rC+}
rNeg   . . .     Faith    .     (no shield)
rPois  .         Spirit   .     (no helmet)
rElec  .         Dismiss  .     (no cloak)
rCorr  .         Reflect  .     (no gloves)
SustAt .         Harm     .     (no boots)
MR     .....     NoTele   +     (no amulet)
Stlth  ++........               (no ring)
                                J - ring of flight

@: very slightly contaminated, invisible, not resistant to hostile enchantments,
unstealthy
A: walk on water
a: Smiting, Recall Orcish Followers, Give Item to Named Follower, Renounce
Religion, Evoke Flight


You were in the Dungeon.
You worshipped Beogh.
Beogh was extremely pleased with you.
You were not hungry.

You visited 1 branch

Inventory:

Armour
 a - a +0 robe
 I - the +1 robe of Shielding (worn) {rC+}
   (You found it in the Dungeon)

   It protects you from cold.
Magical Staves
 D - an uncursed staff of earth
 G - an uncursed staff of summoning (weapon)
Jewellery
 H - the cursed ring "Epaqel" {*Confuse Str+4 Int-2 Dex+4 SInv}
   (You found it in the Dungeon)

   [ring of intelligence]

   It affects your strength (+4).
   It affects your intelligence (-2).
   It affects your dexterity (+4).
   It lets you see invisible.
   It may confuse you when you take damage.
   It has a curse placed upon it.
 J - a ring of flight (left hand)
 L - the amulet "Xufigyap" {Harm *Drain rPois rN+ Int+4}
   (You found it in the Dungeon)

   [amulet of harm]

   It increases damage dealt and taken.
   It affects your intelligence (+4).
   It protects you from poison.
   It protects you from negative energy.
Wands
 y - a wand of disintegration (6/24)
 z - a wand of iceblast (1/15)
 A - a wand of lightning (4/15)
 B - a wand of acid (3/15)
Scrolls
 i - a scroll of blinking
 p - 4 scrolls of amnesia
 q - 3 scrolls of recharging
 r - 7 scrolls of fog
 s - a scroll of holy word
 t - 5 scrolls of identify
 u - 5 scrolls of remove curse
 v - 2 scrolls of fear
Potions
 d - 9 potions of curing
 e - 9 potions of heal wounds
 f - 7 potions of haste
 g - 7 potions of magic
 h - 3 potions of berserk rage
 j - 2 potions of brilliance
 k - a potion of invisibility
 l - 4 potions of resistance
 n - 5 potions of agility
 o - 5 potions of might
Books
 b - a book of Callings

   Spells                             Type                      Level
   a - Summon Small Mammal            Summoning                    1
   b - Call Imp                       Summoning                    2
   c - Call Canine Familiar           Summoning                    3
   d - Summon Guardian Golem          Hexes/Summoning              3
   e - Summon Lightning Spire         Summoning/Air                4
   f - Summon Ice Beast               Ice/Summoning                4
 E - a book of Enchantments

   Spells                             Type                      Level
   a - Cause Fear                     Hexes                        4
   b - Yara's Violent Unravelling     Hexes/Transmutation          5
   c - Silence                        Hexes/Air                    5
   d - Deflect Missiles               Charms/Air                   6
   e - Haste                          Charms                       6
   f - Discord                        Hexes                        8
 K - a book of Debilitation

   Spells                             Type                      Level
   a - Corona                         Hexes                        1
   b - Slow                           Hexes                        2
   c - Gell's Gravitas                Hexes/Translocation          3
   d - Inner Flame                    Hexes/Fire                   3
   e - Cause Fear                     Hexes                        4
   f - Leda's Liquefaction            Hexes/Earth                  4
 M - the Almanac of the Rocks
   (You found it in the Dungeon)

   Spells                             Type                      Level
   a - Stone Arrow                    Conjuration/Earth            3
   b - Leda's Liquefaction            Hexes/Earth                  4
   c - Petrify                        Transmutation/Earth          4
   d - Shatter                        Earth                        9
Miscellaneous
 m - a plain deck of defence
 C - a plain deck of summoning {drawn: 2}
 F - a box of beasts {used: 1}
Comestibles
 c - 5 bread rations
 w - 42 fruits
 x - 4 meat rations


   Skills:
 + Level 3.2 Fighting
 + Level 2.1 Staves
 + Level 2.0 Throwing
 + Level 2.5 Armour
 + Level 4.2 Dodging
 + Level 4.1 Stealth
 + Level 2.6 Unarmed Combat
 + Level 4.9 Spellcasting
 + Level 11.2 Summonings
 + Level 1.4 Air Magic
 + Level 3.3 Invocations
 + Level 3.7 Evocations


You had one spell level left.
You knew the following spells:

 Your Spells              Type           Power        Failure   Level  Hunger
a - Summon Small Mammal   Summ           ####         1%          1    None
b - Call Imp              Summ           ######..     1%          2    #......
c - Call Canine Familiar  Summ           ######..     1%          3    ###....
d - Summon Lightning Spi  Summ/Air       #####...     12%         4    ####...
e - Summon Ice Beast      Ice/Summ       #####...     17%         4    ####...


Dungeon Overview and Level Annotations

Branches:
Dungeon (1/1)

Altars:
Ashenzari
Cheibriados
Dithmenos
Elyvilon
Fedhas
Gozag
Kikubaaqudgha
Makhleb
Nemelex Xobeh
Okawaru
Pakellas
Qazlal
Ru
Sif Muna
Trog
Vehumet
Xom
Yredelemnul
Zin
The Shining One
Beogh
Jiyva
Lugonu


Message History

The iceblast engulfs the great orb of eyes.
The great orb of eyes is lightly wounded.
This wand has 1 charge left.
The smoke demon gestures at you. The ball of steam hits you!
* * * LOW HITPOINT WARNING * * *
Drink which item? (? for menu, Esc to quit)
You fade into invisibility!
* * * LOW HITPOINT WARNING * * *
You are very lightly contaminated with residual magic.
The white imp is engulfed in a cloud of scalding steam.
The white imp dies!
Read which item? (? for menu, Esc to quit)
Blink to where?
Press: ? - help, Dir - move target cursor, f - you
Okay, then.
The great orb of eyes gazes at you.
You are blasted!
Ouch! That really hurt!
You die...

▓..8©8..▓
▓..[[=..▓
▓..))=..▓
▓.......▓
▓.......▓
▓.§.....▓
▓...53..▓
▓.▓...▓*▓
▓...G.@.▓
▓▓▓▓▓▓▓▓▓


You could see a wretched star, a great orb of eyes, a smoke demon and an iron
imp.

Vanquished Creatures
  An orc priest (D)
  A river rat (D)
  An ufetubus (D)
  A bat zombie (D)
  A jackal (D)
  A quokka skeleton (D)
6 creatures vanquished.

Vanquished Creatures (collateral kills)
  A necrophage (D)
  2 giant frogs (D)
  An iron imp (D)
  3 orc priests (D)
  3 orc wizards (D)
  A sheep (D)
  A river rat (D)
  An adder zombie (D)
  An adder skeleton (D)
  An orc (D)
  A bat skeleton (D)
  A jackal (D)
17 creatures vanquished.

Vanquished Creatures (others)
  A white imp (D)
  An orc (D)
2 creatures vanquished.

Grand Total: 25 creatures vanquished

Notes
Turn   | Place    | Note
--------------------------------------------------------------
     0 | D        | kosy22 the Hill Orc Summoner began the quest for the Orb.
     0 | D        | Reached XP level 1. HP: 14/14 MP: 3/3
     2 | D        | Found a viscous altar of Jiyva.
     2 | D        | Found a roughly hewn altar of Beogh.
     2 | D        | Found a corrupted altar of Lugonu.
     2 | D        | Found a white marble altar of Elyvilon.
     2 | D        | Found a sparkling altar of Nemelex Xobeh.
     3 | D        | Found a burning altar of Makhleb.
     3 | D        | Found an iron altar of Okawaru.
     3 | D        | Found a deep blue altar of Sif Muna.
     3 | D        | Found a radiant altar of Vehumet.
     3 | D        | Found a bloodstained altar of Trog.
     3 | D        | Found a shimmering altar of Xom.
    19 | D        | Became a worshipper of Beogh the Brigand
    47 | D        | Entered arena 1.
    48 | D        | Reached skill level 5 in Summonings
    48 | D        | Reached XP level 2. HP: 20/20 MP: 4/4
    61 | D        | Learned a level 2 spell: Call Imp
    73 | D        | Entered arena 2.
    73 | D        | Noticed a necrophage
    74 | D        | Reached * piety under Beogh
    87 | D        | Killed a necrophage
    87 | D        | Reached skill level 8 in Summonings
    87 | D        | Reached skill level 1 in Evocations
    87 | D        | Reached XP level 3. HP: 20/25 MP: 0/6
    87 | D        | Reached XP level 4. HP: 25/32 MP: 0/7
    93 | D        | Learned a level 3 spell: Call Canine Familiar
   288 | D        | Entered arena 3.
   289 | D        | Reached ** piety under Beogh
   289 | D        | Reached skill level 9 in Summonings
   289 | D        | Reached XP level 5. HP: 37/37 MP: 7/9
   294 | D        | Reached *** piety under Beogh
   324 | D        | Reached skill level 10 in Summonings
   324 | D        | Reached XP level 6. HP: 43/49 MP: 7/12
   340 | D        | Learned a level 4 spell: Summon Lightning Spire
   343 | D        | Entered arena 4.
   357 | D        | Reached **** piety under Beogh
   378 | D        | Entered arena 5.
   387 | D        | Reached ***** piety under Beogh
   388 | D        | Reached XP level 7. HP: 39/57 MP: 2/13
   401 | D        | HP: 1/57 [giant frog (4)]
   407 | D        | Reached skill level 11 in Summonings
   407 | D        | Reached skill level 1 in Air Magic
   704 | D        | Got the cursed ring "Epaqel" {*Confuse Str+4 Int-2 Dex+4 SInv}
   715 | D        | Got the +1 robe of Shielding {rC+}
   726 | D        | Learned a level 4 spell: Summon Ice Beast
   747 | D        | Entered arena 6.
   773 | D        | Got the amulet "Xufigyap" {Harm *Drain rPois rN+ Int+4}
   776 | D        | Identified the Almanac of the Rocks (You found it in the Dungeon)
   781 | D        | Entered arena 7.
   781 | D        | Noticed a wretched star
   781 | D        | Noticed a smoke demon
   781 | D        | Noticed a great orb of eyes
   787 | D        | Blown up by a great orb of eyes

Skill      XL: |  1  2  3  4  5  6  7 |
---------------+----------------------+-----
Summonings     | 5 8 9 10 11 | 11.2
Dodging        | 2 3 4 |  4.2
Stealth        | 2 3 4 |  4.1
Spellcasting   | 2 4 |  4.9
Evocations     | 1 3 |  3.7
Fighting       | 2 3 |  3.2
Staves         | 2 |  2.1
Throwing       | 2 |  2.0
Armour         | 2 |  2.5
Unarmed Combat | 2 |  2.6
Invocations    | 3 |  3.3
Air Magic      | 1 |  1.4

Action                   |  1- 3 |  4- 6 |  7- 9 || total
-------------------------+-------+-------+-------++-------
Melee: Staff             |       |     3 |     6 ||     9
 Cast: Summon Small Mamm |     2 |       |     1 ||     3
       Call Imp          |     1 |     1 |     1 ||     3
       Call Canine Famil |       |     1 |       ||     1
       Summon Lightning  |       |     3 |       ||     3
       Summon Ice Beast  |       |       |     1 ||     1
Evoke: Wand              |     5 |     2 |     1 ||     8
       Box of beasts     |       |     1 |       ||     1
       Deck              |       |       |     2 ||     2
  Use: Scroll            |       |     2 |     1 ||     3
       Potion            |       |     2 |     2 ||     4
Armor: Robe              |       |       |     3 ||     3
Dodge: Dodged            |     3 |    10 |     9 ||    22
